 Dungeon Crawl Stone Soup version 0.15-a0-1004-gbf4e2e6 (console) character file.

69 Kellhus the Ruinous (level 4, 30/30 HPs)
             Began as a Demonspawn Wizard on May 25, 2014.
             Quit the game on Level 2 of the Dungeon.
             The game lasted 00:02:44 (2335 turns).

Kellhus the Ruinous (Demonspawn Wizard)             Turns: 2335, Time: 00:02:44

HP  30/30        AC  6     Str  7      XL: 4   Next:  2%
MP   2/9         EV 12     Int 20      God:
Gold 120         SH  0     Dex 11      Spells:  1 memorised,  8 levels left

rFire  . . .     SeeInvis .     (no weapon)
rCold  . . .     Clarity  .     a - +0 robe
rNeg   . . .     Conserve .     (no shield)
rPois  .         rCorr    .     b - +0 hat
rElec  .         rRot     .     (no cloak)
SustAb .         Spirit   +     (no gloves)
rMut   .         Warding  .     (no boots)
Gourm  .         Stasis   .     (no amulet)
MR     .....                    (no ring)
                                (no ring)

@: not resistant to hostile enchantments, unstealthy
A: rough black scales 1, magic shield
a: no special abilities


You were on level 2 of the Dungeon.
You were hungry.

You visited 1 branch of the dungeon, and saw 3 of its levels.

You collected 120 gold pieces.

Inventory:

Armour
 a - a +0 robe (worn)
 b - a +0 hat (worn)
Magical devices
 o - a wand of random effects (7) {unknown}
Comestibles
 d - a bread ration
 h - a snozzcumber
 j - 2 chokos
 s - a meat ration
 v - 2 rotting chunks of hobgoblin flesh
 w - a chunk of goblin flesh
Scrolls
 f - 2 scrolls of teleportation {unknown}
 i - 2 scrolls of remove curse {unknown}
 p - a scroll of identify {unknown}
 r - a scroll of magic mapping {unknown}
 t - a scroll of enchant weapon I {unknown}
 u - a scroll of fear {unknown}
Potions
 e - a potion of magic {unknown}
 g - a potion of restore abilities {unknown}
 k - a potion of degeneration {unknown}
 l - 2 potions of poison {unknown}
 m - a potion of brilliance {unknown}
 n - a potion of might {unknown}
 q - a potion of heal wounds {unknown}
Books
 c - a book of Minor Magic

   Spells                             Type                      Level
   *Magic Dart                        Conjuration                  1
   Blink                              Translocation                2
   Call Imp                           Summoning                    2
   Repel Missiles                     Charms/Air                   2
   Slow                               Hexes                        2
   Conjure Flame                      Conjuration/Fire             3
   Mephitic Cloud                     Conjuration/Poison/Air       3


   Skills:
 - Level 1.7 Dodging
 - Level 1.7 Stealth
 - Level 3.0 Spellcasting
 + Level 3.9 Conjurations
   Level 1.0 Summonings
   Level 0.8 Translocations


You had 8 spell levels left.
You knew the following spells:

 Your Spells              Type           Power        Failure   Level  Hunger
a - Magic Dart            Conj           ###.         2%          1    None


Dungeon Overview and Level Annotations

Branches:
Dungeon (3/15)

Altars:


Innate Abilities, Weirdness & Mutations

You are partially covered in rough black scales (AC +4, Dex -1).
When hurt, damage is shared between your health and your magic reserves.


Message History

The adder barely misses you.
Casting: Magic Dart
Confirm with . or Enter, or press ? or * to list all spells.
Aiming: Magic Dart
Press: ? - help, Shift-Dir - straight line, f/p - adder
Aim: an adder (heavily wounded)
The magic dart hits the adder.
The adder is almost dead.
The adder bites you but does no damage.
Casting: Magic Dart
Confirm with . or Enter, or press ? or * to list all spells.
Aiming: Magic Dart
Press: ? - help, Shift-Dir - straight line, f/p - adder
Aim: an adder (almost dead)
The magic dart hits the adder.
You kill the adder!
You have reached level 4!
Your demonic ancestry asserts itself...
You feel your magical essence form a protective shroud around your flesh.
You feel agile.
Are you sure you want to abandon this character and quit the game? (Confirm with "yes".)

##################
).).............@#
################.#
...(......#### #.#
.#####.......# #.#
.#...'.......# #.#
.#.#.#.......###.#
.#.#.#..#.####.#.#
.#.#.#..#.#....#.##############
...#.#..#.#.##.#.(............#


There were no monsters in sight!

Vanquished Creatures
  2 adders
  An orc (D:2)
  2 ball pythons
  8 hobgoblins
  3 jackals
  7 kobolds
  6 bats
  4 giant cockroaches
  A giant gecko (D:1)
  3 giant newts
  9 goblins
  A rat (D:2)
47 creatures vanquished.

Notes
Turn   | Place    | Note
--------------------------------------------------------------
     0 | D:1      | Kellhus, the Demonspawn Wizard, began the quest for the Orb.
     0 | D:1      | Reached XP level 1. HP: 13/13 MP: 4/4
   313 | D:1      | Gained mutation: You are partially covered in rough black scales (AC +4, Dex -1). [demonic ancestry]
   313 | D:1      | Reached XP level 2. HP: 19/19 MP: 3/6
   879 | D:1      | Reached XP level 3. HP: 24/24 MP: 2/7
  2334 | D:2      | Gained mutation: When hurt, damage is shared between your health and your magic reserves. [demonic ancestry]
  2334 | D:2      | Reached XP level 4. HP: 30/30 MP: 2/9
  2335 | D:2      | Quit the game

Action                   |  1- 3 |  4- 6 || total
-------------------------+-------+-------++-------
Melee: Unarmed           |     7 |       ||     7
 Cast: Magic Dart        |   113 |     1 ||   114
